 Dungeon Crawl Stone Soup version 0.26.0-16-gc1dbca0489 (webtiles) character file.

Game seed: 16549319863458667988

3920 teolandon225 the Covert (level 10, -5/44 HPs)
             Began as a Spriggan Enchanter on Jan 21, 2021.
             Killed by the air
             ... invoked by Gastronok
              (23 damage)
             ... on level 9 of the Dungeon.
             The game lasted 00:17:12 (9372 turns).

teolandon225 the Covert (Spriggan Enchanter)        Turns: 9372, Time: 00:17:13

Health: -5/44      AC:  5    Str:  3    XL:     10   Next: 1%
Magic:  14/15      EV: 25    Int: 20    God:
Gold:   395        SH:  0    Dex: 17    Spells: 6/14 levels left

rFire    . . .     SeeInvis +   a - +2 dagger
rCold    . . .     Faith    .   (shield restricted)
rNeg     + . .     Spirit   .   b - +0 robe
rPois    +         Reflect  .   (helmet restricted)
rElec    .         Harm     .   r - +2 ratskin cloak {*Rats rPois rN+ Str-1 Int-1 Dex+1}
rCorr    .         Rampage  .   (gloves unavailable)
Will     +....                  (boots unavailable)
Stlth    ++++++....             (no amulet)
HPRegen  0.14/turn              (no ring)
MPRegen  0.14/turn              (no ring)

@: very quick
A: very small, unfitting armour, see invisible, speed 3
a: no special abilities


You were on level 9 of the Dungeon.
You visited 2 branches of the dungeon, and saw 10 of its levels.

You collected 395 gold pieces.

Inventory:

Hand Weapons
 a - a +2 dagger (weapon)
Armour
 b - a +0 robe (worn)
 q - a +0 buckler
 r - the +2 ratskin cloak (worn) {*Rats rPois rN+ Str-1 Int-1 Dex+1}
   (You found it on level 5 of the Dungeon)

   It affects your strength (-1).
   It affects your intelligence (-1).
   It affects your dexterity (+1).
   It protects you from poison.
   It protects you from negative energy.
Jewellery
 g - an uncursed ring of ice
 m - an uncursed ring of magical power {unknown}
 u - an uncursed amulet of the acrobat {unknown}
Wands
 p - a wand of random effects (27)
 t - a wand of flame (38)
Scrolls
 d - 2 scrolls of teleportation
 f - a scroll of amnesia
 i - 4 scrolls of remove curse
 k - a scroll of enchant weapon
 n - 6 scrolls of identify
Potions
 c - 4 potions of might
 e - 3 potions of lignification {unknown}
 h - 2 potions of heal wounds {unknown}
 j - 3 potions of brilliance {unknown}
 l - 2 potions of curing {unknown}
 s - 2 potions of ambrosia {unknown}


   Skills:
 - Level 1.1 Short Blades
 + Level 9.6 Dodging
 * Level 14.1 Stealth
 - Level 2.6 Spellcasting
 * Level 11.3 Hexes


You had 6 spell levels left.
You knew the following spells:

 Your Spells              Type           Power        Failure   Level
e - Tukima's Dance        Hex            48%          1%          3
q - Ensorcelled Hibernat  Hex/Ice        50%          2%          2
w - Confusing Touch       Hex            48%          1%          3

Your spell library contained the following spells:

 Spells                   Type           Power        Failure   Level
 Corona                   Hex            53%          1%          1
 Dazzling Flash           Conj/Hex       50%          4%          3
 Static Discharge         Conj/Air       2%           41%         3
 Lightning Bolt           Conj/Air       1%           99%         5
 Ignition                 Fire           1%           100%        8
 Shatter                  Erth           1%           100%        9
 Tornado                  Air            1%           100%        9


Dungeon Overview and Level Annotations

Branches:
Dungeon (9/15)             Temple (1/1) D:5             Orc (0/2) D:9
   Lair: D:8-11

Altars:
Ashenzari
Cheibriados
Elyvilon
Fedhas
Gozag
Hepliaklqana
Kikubaaqudgha
Makhleb
Nemelex Xobeh
Okawaru
Qazlal
Ru
Sif Muna
Trog
Uskayaw
Vehumet
Wu Jian
Xom
Zin
The Shining One
Beogh

Shops:
D:6 =

Annotations:
D:7 Menkaure
D:8 exclusion: downstairs
D:9 Gastronok


Innate Abilities, Weirdness & Mutations

You are very small and have problems with some larger weapons.
You are too small for most types of armour.
You have supernaturally acute eyesight. (SInv)
You cover ground extremely quickly.


Message History

Ouch! That really hurt!
You are too injured to fight recklessly!
You are too injured to fight recklessly!
You see here a runed hand axe.
Your hands stop glowing.
There is a stone staircase leading up here.
Gastronok is nearby!
You climb upwards.
Level annotation: exclusion: downstairs You feel yourself speed up.
There is a stone staircase leading down here.
You start resting.
A scorpion comes into view.
A scorpion is nearby!
You climb downwards.
Level annotation: Gastronok Gastronok waves his eye-stalks in wide circles.
The air twists around and strikes you!!
Ouch! That really hurt!
You die...

##.#####.......
####...#..........
#.##...#.#........
##..#...#....#..#..
#...##.............
........##.....#.. ##
##..# #..##...###.. ###
##.##..####.......##...
#...
#.....@#..#..#..#.#....
#...
##....#......###.......
##...##.##.....†...#
#......
#.....#..#...####.##
##..... #
###........).### #.#
..... #.#............#
#.. #.....
...............# ..##
#......
...........w..##### #.#
#...[..
..........##.$....# ...
#....##


You could see Gastronok.

Vanquished Creatures
  Harold (D:8)
  Joseph (D:7)
  Maggie (D:6)
  Grinder (D:5)
  Prince Ribbit (D:6)
  Sigmund (D:2)
  A sky beast (D:8)
  An ice beast (D:9)
  4 orc warriors
  2 phantoms (D:6)
  A black bear (D:6)
  2 ogres (D:5)
  Blork the orc (D:6)
  A bullfrog (D:7)
  A scorpion (D:7)
  3 howler monkeys (D:7)
  A bullfrog zombie (D:5)
  A quasit (D:6)
  3 hounds
  Crazy Yiuf (D:5)
  A gnoll shaman (D:6)
  A jelly (D:6)
  2 orc priests
  A centaur skeleton (D:7)
  Terence (D:3)
  3 iguanas
  3 hell rats (D:5)
  A worker ant (D:7)
  A hound skeleton (D:5)
  7 gnolls
  A howler monkey skeleton (D:7)
  4 river rats (D:5)
  7 adders
  2 ufetubi
  2 adder skeletons
  4 leopard geckos
  7 orcs
  A ball python (D:2)
  3 giant cockroaches
  4 goblins
  3 hobgoblins
  A jackal (D:9)
  A quokka (D:2)
  7 bats
  2 frilled lizards
  2 jackal zombies
  5 kobolds
  17 rats
123 creatures vanquished.

Vanquished Creatures (others)
  A plant (D:9)
1 creature vanquished.

Grand Total: 124 creatures vanquished

Notes
Turn   | Place    | Note
-------+----------+-------------------------------------------
     0 | D:1      | teolandon225 the Spriggan Enchanter began the quest for the
                  | Orb.
     0 | D:1      | Reached XP level 1. HP: 9/9 MP: 5/5
     2 | D:1      | Noticed a troll
     2 | D:1      | Noticed a felid
     4 | D:1      | Noticed a demonspawn
     4 | D:1      | Noticed a demigod
     6 | D:1      | Noticed a ghoul
     6 | D:1      | Noticed a human
     8 | D:1      | Noticed an ogre
     8 | D:1      | Noticed an octopode
    10 | D:1      | Noticed a centaur
    12 | D:1      | Noticed an elf
    14 | D:1      | Noticed a minotaur
    14 | D:1      | Noticed a spriggan
    16 | D:1      | Noticed a halfling
    18 | D:1      | Noticed a gargoyle
    18 | D:1      | Noticed a dwarf
    20 | D:1      | Noticed a formicid
    20 | D:1      | Noticed a merfolk
    22 | D:1      | Noticed a naga
    22 | D:1      | Noticed a tengu
    24 | D:1      | Noticed a vine stalker
    26 | D:1      | Noticed a vampire
    26 | D:1      | Noticed a draconian
   313 | D:1      | Reached XP level 2. HP: 10/13 MP: 6/6
   504 | D:1      | Learned a level 2 spell: Ensorcelled Hibernation
  1183 | D:1      | Reached skill level 5 in Stealth
  1498 | D:2      | Noticed Sigmund
  1504 | D:2      | Killed Sigmund
  1505 | D:2      | Reached skill level 6 in Stealth
  1505 | D:2      | Reached skill level 5 in Hexes
  1505 | D:2      | Reached XP level 3. HP: 13/16 MP: 5/8
  1505 | D:2      | Reached XP level 4. HP: 17/21 MP: 5/9
  1505 | D:2      | Reached XP level 5. HP: 19/24 MP: 5/10
  1521 | D:2      | Reached skill level 7 in Stealth
  1768 | D:2      | Learned a level 3 spell: Confusing Touch
  1772 | D:2      | Learned a level 3 spell: Tukima's Dance
  2564 | D:3      | Noticed Terence
  2569 | D:3      | Killed Terence
  2904 | D:4      | Reached XP level 6. HP: 28/28 MP: 11/11
  2970 | D:4      | Found a sacrificial altar of Ru.
  3539 | D:4      | Reached skill level 5 in Dodging
  3569 | D:5      | Entered Level 5 of the Dungeon
  3678 | D:5      | Reached skill level 8 in Stealth
  3780 | D:5      | Found a runed translucent door.
  3781 | D:5      | Noticed Crazy Yiuf
  3816 | D:5      | Found a staircase to the Ecumenical Temple.
  3841 | Temple   | Entered the Ecumenical Temple
  4173 | D:5      | Found a stormy altar of Qazlal.
  4175 | D:5      | Noticed a water elemental
  4178 | D:5      | Noticed an air elemental
  4178 | D:5      | Noticed a fire elemental
  4189 | D:5      | Found a burning altar of Makhleb.
  4280 | D:5      | Reached XP level 7. HP: 26/32 MP: 8/12
  4436 | D:5      | Noticed Grinder
  4451 | D:5      | Killed Grinder
  4452 | D:5      | Reached skill level 9 in Stealth
  4808 | D:5      | Found the +2 ratskin cloak {*Rats rPois rN+ Str-1 Int-1
                  | Dex+1}
  5558 | D:5      | Found a hazy altar of Hepliaklqana.
  5667 | D:5      | Killed Crazy Yiuf
  5720 | D:6      | Reached skill level 10 in Stealth
  5720 | D:6      | Reached XP level 8. HP: 35/36 MP: 9/13
  5755 | D:6      | Found Piwney's Jewellery Emporium.
  6098 | D:6      | Noticed Maggie
  6122 | D:6      | Killed Maggie
  6254 | D:6      | Noticed Blork the orc
  6263 | D:6      | Killed Blork the orc
  6264 | D:6      | Reached skill level 11 in Stealth
  6523 | D:6      | Found an ornate altar of the Wu Jian Council.
  6839 | D:7      | Noticed Prince Ribbit
  7028 | D:7      | Noticed Joseph
  7064 | D:7      | Noticed Menkaure
  7515 | D:6      | Killed Prince Ribbit
  7516 | D:6      | Reached skill level 12 in Stealth
  7516 | D:6      | Reached XP level 9. HP: 29/39 MP: 11/14
  7713 | D:7      | Reached skill level 10 in Hexes
  8060 | D:7      | Killed Joseph
  8274 | D:8      | Reached skill level 13 in Stealth
  8322 | D:8      | Noticed Harold
  8382 | D:8      | Killed Harold
  8468 | D:9      | Noticed Gastronok
  8522 | D:9      | Found a staircase to the Orcish Mines.
  8571 | D:9      | Found a roughly hewn altar of Beogh.
  8597 | D:8      | Reached skill level 14 in Stealth
  9337 | D:9      | Reached XP level 10. HP: 44/44 MP: 15/15
  9372 | D:9      | Killed from afar by Gastronok

Illustrated notes

Levels and vault maps discovered:
D:1:      kb_arrival_jail, layout_basic
D:2:      layout_basic, uniq_sigmund
D:3:      layout_basic, uniq_terence
D:4:      layout_loops_ring, nicolae_ru_awakened_eye, nrook_uturn, minivault_19
D:5:      wander_guarded_unrand_ratskin, layout_loops_ring,
          kennysheep_mini_moat, nzn_hepliaklqana_mist_gate,
          minmay_temple_entry_waves, hangedman_decor_opposing,
          nicolae_qazlal_style_of_elements, uniq_grinder,
          uniq_crazy_yiuf_cottage
D:6:      layout_loops_cross, lemuel_crystal_altar, serial_shops, shop,
          due_unseen_surprise, uniq_blork_the_orc, uniq_maggie
D:7:      layout_rooms, hangedman_decor_peaks_small, kennysheep_flooded_box,
          uniq_prince_ribbit1, uniq_joseph, uniq_menkaure
D:8:      layout_cave_pods, uniq_psyche, uniq_harold
D:9:      layout_cave_pools, yredelemnul_forgotten_temple_becter,
          nicolae_dithmenos_shadow_blocks, minmay_orc_entry_temple_small,
          serial_shops, nicolae_shop_overgrown_old_shop, uniq_gastronok
Temple:   eino_temple_rhombus

Skill      XL: |  1  2  3  4  5  6  7  8  9 |
---------------+----------------------------+-----
Hexes          | 5 6 7 9 11 | 11.3
Stealth        | 6 7 8 10 12 14 | 14.1
Dodging        | 4 5 6 8 9 |  9.6
Short Blades   | |  1.1
Spellcasting   | |  2.6

Action                   |  1- 3 |  4- 6 |  7- 9 | 10-12 || total
-------------------------+-------+-------+-------+-------++-------
Melee: Dagger            |    39 |    53 |   204 |     3 ||   299
 Cast: Corona            |     7 |       |       |       ||     7
       Ensorcelled Hiber |     7 |    23 |    81 |     1 ||   112
       Confusing Touch   |       |     3 |    18 |     1 ||    22
       Tukima's Dance    |       |       |     1 |       ||     1
  Use: Scroll            |       |     8 |     2 |       ||    10
 Stab: Sleeping          |    13 |    31 |    55 |     1 ||   100
       Confused          |       |     2 |    11 |       ||    13
Armor: Robe              |     4 |     3 |    20 |       ||    27
Dodge: Dodged            |    37 |    30 |   237 |     1 ||   305
